Map: Eastwatch LE

Players

CinDra - Winner!

  • Race: Zerg Zerg
  • League: Silver
  • Spawn Location: 1:00

Cryp

  • Race: Zerg Zerg
  • Spawn Location: 7:00

VOD

Have the link to the VOD?

Description

Time

  • Played on: Feb. 12, 2018, 1:26 p.m.
  • Length: 13:52
Show
View Real Time Build Order
Export as new Build Order

CinDra Zerg - Winner!

Build Orders: Hatch First 

Get SALT Encoding   

  12  0:01  Drone  
  13  0:12  Overlord  
  13  0:21  Drone  
  14  0:31  Drone x2  
  14  0:34  Drone  
  17  0:45  Drone  
  18  0:59  Drone  
  18  1:02  Hatchery  
  18  1:09  Drone  
  19  1:18  Spawning Pool  
  18  1:21  Drone  
  18  1:24  Extractor  
  18  1:28  Drone  
  19  1:39  Overlord  
  19  1:49  Drone  
  20  2:00  Drone  
  21  2:05  Queen  
  23  2:11  Zergling x2  
  23  2:14  Queen  
  26  2:16  Drone  
  27  2:27  Drone x2  
  29  2:34  Zergling x2  
  30  2:42  Extractor  
  29  2:49  Drone x3  
  32  2:58  Queen  
  32  3:00  Drone x2  
  36  3:10  Roach Warren  
  36  3:11  Drone  
  36  3:14  Overlord  
  36  3:26  Overlord  
  37  3:34  Zergling x14  
  37  3:55  Queen  
  38  4:04  Zergling x4  
  38  4:05  Zergling x8  
  38  4:07  Metabolic Boost  
  38  4:09  Lair  
  44  4:16  Drone x3  
  44  4:17  Drone, Overlord x2  
  48  4:31  Queen  
  48  4:37  Drone  
  48  4:38  Drone x4  
  55  4:43  Extractor x2  
  38  5:21  Zergling x2  
  38  5:22  Zergling x14  
  46  5:42  Roach  
  46  5:43  Roach x7  
  60  5:54  Drone x2  
  62  5:58  Overseer x2  
  62  6:03  Glial Reconstitution  
  62  6:06  Spire  
  62  6:07  Drone  
  62  6:22  Drone  
  62  6:23  Drone x5  
  62  6:24  Overlord  
  68  6:54  Overlord x2  
  68  6:55  Drone x2  
  68  6:56  Drone x5  
  75  7:08  Evolution Chamber, Drone x2  
  75  7:10  Evolution Chamber  
  75  7:24  Queen  
  75  7:25  Hatchery  
  76  7:34  Pneumatized Carapace  
  76  7:40  Zerg Missile Weapons Level 1  
  76  7:41  Zerg Ground Armor Level 1  
  76  7:42  Zerg Flyer Weapons Level 1  
  76  7:43  Mutalisk x7  
  80  7:45  Overlord  
  90  8:18  Mutalisk  
  90  8:19  Mutalisk x3  
  98  8:41  Mutalisk x2  
  102  9:07  Queen  
  102  9:08  Drone x2  
  102  9:09  Overlord  
  106  9:10  Overlord x10  
  96  9:58  Mutalisk x6  
  96  9:59  Mutalisk x2  
  108  10:16  Drone x10  
  108  10:17  Drone x2  
  120  10:38  Zerg Missile Weapons Level 2  
  120  10:39  Zerg Ground Armor Level 2  
  120  10:46  Infestation Pit  
  120  10:49  Zerg Flyer Armor Level 1  
  119  10:52  Extractor  
  119  10:54  Extractor  
  117  11:00  Drone  
  117  11:01  Drone x3  
  117  11:02  Drone x3  
  117  11:03  Drone x3  
  127  11:05  Mutalisk  
  127  11:07  Overlord  
  127  11:09  Zergling x2  
  127  11:10  Zergling x6  
  133  12:01  Mutalisk x7  
  145  12:29  Roach x10  
  179  12:30  Roach x8  
  179  13:09  Zergling x16  
  179  13:10  Zergling x2  
Show
View Real Time Build Order
Export as new Build Order

Cryp Zerg 

Build Orders: Hatch First 

Get SALT Encoding   

  12  0:01  Drone  
  13  0:12  Overlord  
  13  0:17  Drone  
  14  0:44  Hatchery  
  14  0:45  Drone  
  14  0:50  Drone  
  14  0:54  Drone  
  16  1:10  Spawning Pool  
  15  1:14  Extractor  
  15  1:15  Drone  
  15  1:21  Drone  
  16  1:31  Drone x2  
  18  1:40  Drone  
  19  1:51  Evolution Chamber, Overlord  
  18  1:58  Zergling x2  
  18  2:00  Queen  
  21  2:03  Zergling x2  
  22  2:10  Drone  
  22  2:11  Extractor  
  22  2:16  Metabolic Boost  
  22  2:20  Drone  
  23  2:32  Zergling x6  
  26  2:38  Drone  
  27  2:47  Zerg Melee Weapons Level 1  
  27  2:50  Zergling x2  
  27  2:51  Zergling x2  
  29  3:01  Baneling Nest  
  29  3:03  Drone  
  29  3:24  Zergling x10  
  34  3:32  Drone  
  34  3:33  Drone  
  36  3:47  Zergling x2  
  36  3:48  Overlord x2  
  30  3:59  Overlord  
  30  4:01  Zergling x4  
  32  4:21  Lair  
  32  4:32  Drone x4  
  32  4:33  Drone x2  
  38  4:45  Baneling x4  
  38  4:46  Baneling x2  
  38  4:50  Drone x2  
  38  4:51  Drone  
  41  5:09  Baneling x2  
  41  5:10  Baneling  
  41  5:14  Baneling x2  
  34  5:31  Drone x5  
  34  5:32  Drone  
  34  5:34  Queen  
  41  5:41  Hatchery  
  40  5:46  Drone, Spire  
  40  6:01  Extractor  
  40  6:02  Extractor  
  38  6:06  Zerg Ground Armor Level 1  
  38  6:14  Zergling x10  
  38  6:15  Zergling x2  
  44  6:31  Hatchery  
  43  6:35  Zergling x10  
  48  7:02  Mutalisk x6  
  48  7:05  Overlord x2  
  60  7:17  Drone x2  
  60  7:18  Drone x3  
  65  7:27  Queen  
  67  7:36  Zerg Flyer Weapons Level 1  
  67  7:52  Mutalisk x3  
  67  7:55  Drone x2  
  67  7:56  Drone  
  76  8:02  Baneling  
  76  8:03  Baneling x3  
  76  8:06  Drone x4  
  80  8:13  Infestation Pit  
  79  8:23  Mutalisk x2  
  81  8:45  Corruptor x3  
  87  8:58  Overlord x2  
  87  9:06  Overlord x3  
  87  9:20  Queen  
  89  9:24  Corruptor x4  
  97  9:33  Extractor  
  97  9:35  Extractor  
  83  10:00  Corruptor x4  
  91  10:47  Hydralisk Den  
  90  11:17  Hydralisk x4  
  90  11:18  Hydralisk x7  
  100  11:19  Hydralisk x4  
  100  11:23  Zerg Missile Weapons Level 1  
  120  11:25  Overlord x2  
  120  11:26  Overlord  
  120  11:27  Evolution Chamber  
  120  11:28  Hatchery  
  118  11:41  Muscular Augments  
  118  11:50  Hydralisk x3  
  118  11:51  Hydralisk x8  
  118  11:52  Hydralisk x2  
  144  12:03  Overlord x2  
  138  12:30  Hydralisk x5  
  138  12:31  Hydralisk  
  144  13:09  Spore Crawler  
  143  13:19  Overlord x5  
Tags
 
League
Silver
Matchup
ZvZ
Race
Zerg
Spawn Locations
Cross Positions
Add a new tag
Caveats
  • Supply blocks, unpowered buildings, or Contaminate may cause inaccurate times.
  • Supply counts are checked every 10 seconds.